 Dungeon Crawl Stone Soup version 0.17.0-24-gcfadda4 (webtiles) character file.

81 HungrySpirit the Sneak (level 4, 0/22 HPs)
             Began as a Spriggan Necromancer on Nov 16, 2015.
             Killed from afar by an orc wizard (13 damage)
             ... with a puff of flame
             ... on level 3 of the Dungeon.
             The game lasted 00:08:26 (3318 turns).

HungrySpirit the Sneak (Spriggan Necromancer)       Turns: 3318, Time: 00:08:26

Health: 0/22       AC:  4    Str:  4    XL:     4   Next: 19%
Magic:  8/9        EV: 20    Int: 16    God:
Gold:   115        SH:  0    Dex: 17    Spells: 1 memorised, 7 levels left

rFire  . . .     SeeInvis +     o - +0 short sword
rCold  . . .     Clarity  .     a - +0 robe
rNeg   . . .     SustAt   .     (shield restricted)
rPois  .         Gourm    .     (helmet restricted)
rElec  .         Spirit   .     i - +1 cloak
rCorr  .         Warding  .     (gloves unavailable)
rMut   .         Stasis   .     (boots unavailable)
MR     .....                    (no amulet)
Stlth  +++.......               (no ring)
                                (no ring)

@: very quick, not resistant to hostile enchantments, fairly stealthy
A: unfitting armour, see invisible, herbivore 3, speed 3, slow metabolism 2
a: no special abilities


You were on level 3 of the Dungeon.
You were hungry.

You visited 1 branch of the dungeon, and saw 3 of its levels.

You collected 115 gold pieces.

Inventory:

Hand Weapons
 h - a +0 mace
 n - a +2 mace of protection
 o - a +0 short sword (weapon)
Missiles
 e - 2 needles of slowing
Armour
 a - a +0 robe (worn)
 i - a +1 cloak (worn)
Scrolls
 f - 2 scrolls of teleportation
 p - a scroll of identify
Potions
 d - a potion of brilliance {unknown}
 g - a potion of invisibility
 j - a potion of heal wounds {unknown}
 m - 2 potions of curing {unknown}
Books
 b - a book of Necromancy

   Spells                             Type                      Level
   a - Pain                           Necromancy                   1
   b - Animate Skeleton               Necromancy                   1
   c - Vampiric Draining              Necromancy                   3
   d - Regeneration                   Charms/Necromancy            3
   e - Animate Dead                   Necromancy                   4
   f - Control Undead                 Necromancy                   4
Comestibles
 c - 2 bread rations
 k - 5 fruits


   Skills:
 - Level 1.1 Fighting
 * Level 1.0 Short Blades
 + Level 4.4 Dodging
 + Level 5.0 Stealth
 - Level 2.6 Spellcasting
 - Level 3.6 Necromancy


You had 7 spell levels left.
You knew the following spells:

 Your Spells              Type           Power        Failure   Level  Hunger
a - Pain                  Necr           ##..         6%          1    #......


Dungeon Overview and Level Annotations

Branches:
Dungeon (3/15)

Altars:
Elyvilon


Innate Abilities, Weirdness & Mutations

You are tiny and cannot use many weapons and most armour.
You have supernaturally acute eyesight.
You are a herbivore.
You cover ground extremely quickly.
You need consume almost no food.


Message History

The orc completely misses you.
You hit the orc but do no damage.
The orc is almost dead.
The orc hits you but does no damage.
The orc hits you from afar with a vampiric trident.
Casting: Pain
Confirm with . or Enter, or press ? or * to list all spells.
Aiming: Pain
Press: ? - help, Shift-Dir - straight line, f - orc
Aim: an orc, wielding a club and wearing a scale mail (almost dead, chance to defeat MR: 91%)
The orc convulses in agony!
You kill the orc!
Your Short Blades skill increases to level 1!
You start resting.
An orc wizard comes into view. It is wielding a dagger.
The orc wizard shouts!
The orc wizard gestures at you while chanting.
The puff of flame hits you!
Ouch! That really hurt!
You die...

#############
...........#
#...[.....#
##.........#
#####.......%..#
###........=.....#
.......)).......@####
......###..#o.......##
.....................#
#.......o.##...)....##
..........######..####
............o.o.o....#
<........######..#.#.#
###..................#
#...#.#.#.#.#..#.#.#


You could see an orc wizard and an orc.

Vanquished Creatures
  3 adders (D:2)
  An ooze (D:2)
  2 giant geckos
  3 orcs (D:3)
  7 bats
  7 goblins
  7 hobgoblins
  3 jackals (D:2)
  A kobold (D:2)
  2 quokkas (D:2)
  A ball python (D:2)
  2 giant cockroaches
  2 giant newts
  2 rats (D:2)
43 creatures vanquished.

Notes
Turn   | Place    | Note
--------------------------------------------------------------
     0 | D:1      | HungrySpirit the Spriggan Necromancer began the quest for the Orb.
     0 | D:1      | Reached XP level 1. HP: 9/9 MP: 5/5
   340 | D:1      | Reached XP level 2. HP: 4/13 MP: 3/6
  1013 | D:1      | Reached skill level 4 in Stealth
  2022 | D:2      | Reached XP level 3. HP: 9/17 MP: 0/8
  2289 | D:2      | Reached skill level 1 in Fighting
  2937 | D:2      | Reached XP level 4. HP: 17/22 MP: 3/9
  3122 | D:2      | Noticed a giant frog
  3152 | D:2      | Found a white marble altar of Elyvilon.
  3286 | D:3      | Reached skill level 5 in Stealth
  3307 | D:3      | Reached skill level 1 in Short Blades
  3318 | D:3      | Killed from afar by an orc wizard

Action                   |  1- 3 |  4- 6 || total
-------------------------+-------+-------++-------
Melee: Mace              |    15 |       ||    15
       Hand axe          |   111 |    22 ||   133
       Short sword       |       |    20 ||    20
 Cast: Pain              |    52 |     7 ||    59
  Use: Scroll            |     5 |     1 ||     6
 Stab: Sleeping          |     5 |       ||     5
